 Dungeon Crawl Stone Soup version 0.30-a0-867-g305f33218d (webtiles) character file.

Game seed: 4349623691143001599

4239 bmack86 the Cleaver (level 10, -2/88 HPs)
             Began as a Minotaur Fighter on Mar 11, 2023.
             Slain by a gargoyle
             ... wielding a +0 mace
              (10 damage)
             ... on level 7 of the Dungeon.
             The game lasted 00:18:14 (5597 turns).

bmack86 the Cleaver (Minotaur Fighter)              Turns: 5597, Time: 00:18:15

Health: -2/88      AC: 19    Str: 26    XL:     10   Next: 9%
Magic:  9/9        EV:  7    Int:  5    God:
Gold:   92         SH:  5    Dex:  9    Spells: 9/9 levels left

rFire   . . .      SeeInvis .    a - +0 war axe
rCold   . . .      Faith    .    c - +0 buckler
rNeg    . . .      Spirit   .    x - +0 plate armour
rPois   +          Reflect  .    (helmet restricted)
rElec   .          Rampage  .    m - +1 cloak
rCorr   +                        k - +1 pair of gloves
Will    .....                    q - +0 pair of boots Stlth
                                 (no amulet)
HPRegen 0.34/turn                s - ring of poison resistance
MPRegen 0.11/turn                C - ring of resist corrosion

@: weakened
A: horns 2, retaliatory headbutt
a: no special abilities


You were on level 7 of the Dungeon.
You visited 1 branch of the dungeon, and saw 7 of its levels.

You collected 272 gold pieces.
You spent 180 gold pieces at shops.

Inventory:

Hand Weapons
 a - a +0 war axe (weapon)
 h - a +0 war axe
Missiles
 w - 11 poisoned darts (quivered)
Armour
 c - a +0 buckler (worn)
 k - a +1 pair of gloves (worn)
 m - a +1 cloak (worn)
 q - a +0 pair of boots (worn)
 x - a +0 plate armour (worn)
Jewellery
 s - a ring of poison resistance (left hand)
 C - a ring of resist corrosion (right hand)
Wands
 b - a wand of flame (9)
 z - a wand of mindburst (7)
Scrolls
 f - 2 scrolls of immolation
 g - 3 scrolls of magic mapping
 o - 6 scrolls of teleportation
 u - a scroll of brand weapon
 v - a scroll of amnesia
Potions
 d - a potion of might
 e - 3 potions of mutation
 i - 3 potions of lignification
 j - 3 potions of curing
 l - 2 potions of brilliance
 n - 3 potions of attraction
 p - 5 potions of berserk rage
 r - a potion of flight
 t - a potion of magic
 A - a potion of heal wounds


   Skills:
 + Level 8.2 Fighting
 * Level 10.8 Axes
 + Level 4.6 Throwing
 + Level 8.2 Armour
 + Level 8.2 Shields


You had 9 spell levels left.
You didn't know any spells.
Your spell library contained the following spells:

 Spells                   Type           Power      Damage    Failure   Level
 Apportation              Tloc           0%         N/A       100%        1
 Beastly Appendage        Tmut           0%         N/A       100%        1
 Necrotise                Necr           0%         1d4       100%        1
 Summon Small Mammal      Summ           0%         N/A       100%        1
 Wereblood                Tmut           0%         N/A       100%        2
 Inner Flame              Hex/Fire       0%         N/A       100%        3
 Spider Form              Tmut/Pois      0%         N/A       100%        3
 Cause Fear               Hex            0%         N/A       100%        4
 Discord                  Hex            0%         N/A       100%        8


Dungeon Overview and Level Annotations

Branches:
Dungeon (7/15)
 Temple: D:4-7

Altars:
Ashenzari
Elyvilon
Fedhas
Hepliaklqana
Makhleb

Shops:
D:6 !!!


Innate Abilities, Weirdness & Mutations

You have a pair of horns on your head.
You reflexively headbutt those who attack you in melee.


Message History

You hit the gnoll bouda.
You kill the gnoll bouda!
You barely miss the scorpion. You block the scorpion's attack.
The gnoll hits you but does no damage.
Your life force feels restored.
You slash the gnoll! You headbutt the gnoll.
You kill the gnoll!
You closely miss the scorpion. The scorpion barely misses you.
The gnoll hits you but does no damage. The scorpion closely misses you.
You furiously retaliate!
You headbutt the scorpion!
Unknown command.
You slash the gnoll!
The gnoll is severely wounded.
You hit the scorpion.
The scorpion stings you but does no damage.
The gnoll hits you with a +0 club.
You barely miss the gnoll. Your headbutt misses the gnoll.
The gnoll is severely wounded.
You hit the scorpion.
You kill the scorpion!
A gnoll comes into view. It is wielding a +4 whip.
The gnoll hits you but does no damage.
Unknown command.
You slash the gnoll!
You kill the gnoll!
The gargoyle hurls a stone arrow at you.
The stone arrow hits you!!
* * * LOW HITPOINT WARNING * * *
Unknown command.
The gargoyle hits you with a +0 mace.
* * * LOW HITPOINT WARNING * * *
Items here: ! $ ))) ††.
You hit the gargoyle but do no damage.
You headbutt the gargoyle, but do no damage.
You block the gargoyle's attack.
You slash the gargoyle!
You headbutt the gargoyle, but do no damage.
The gargoyle is heavily damaged.
The gargoyle hits you with a +0 mace!
You die...

# .. '# # .# #
.##g##. #..# .#
♣..♣.###))##.###
♣..f59@))8....+
.....###)##..###
... #))#).# .
#.##†# ## #.#
#####'#####
#.).......#
#.###.###.# #.
#.# #.#


You could see a gargoyle, a sleepcap, a gnoll and an ufetubus.

Vanquished Creatures
  2 ugly things (D:7)
  A gargoyle (D:7)
  A troll (D:7)
  Sigmund (D:2)
  A vampire mosquito (D:7)
  2 water moccasins
  An ice beast (D:6)
  3 ogres
  A centaur (D:7)
  2 phantoms
  5 bullfrogs
  A gnoll sergeant (D:5)
  3 scorpions
  7 wights (D:7)
  2 howler monkeys
  3 jellies
  3 orc priests
  Crazy Yiuf (D:2)
  2 gnoll boudas (D:7)
  Natasha (thrice) (D:2)
  5 iguanas
  7 orc wizards
  Robin (D:2)
  11 gnolls
  9 adders
  2 worms (D:3)
  A dart slug (D:1)
  17 orcs
  7 endoplasms
  2 giant cockroaches
  10 goblins
  10 hobgoblins
  16 jackals
  7 kobolds
  2 quokkas (D:4)
  9 ball pythons
  4 bats (D:1)
  4 frilled lizards
  4 rats
173 creatures vanquished.

Vanquished Creatures (others)
  4 demonic plants (D:3)
  4 fungi (D:2)
  9 plants (D:7)
17 creatures vanquished.

Grand Total: 190 creatures vanquished

Notes
Turn   | Place    | Note
-------+----------+-------------------------------------------
     0 | D:1      | bmack86 the Minotaur Fighter began the quest for the Orb.
     0 | D:1      | Reached XP level 1. HP: 19/19 MP: 0/0
   190 | D:1      | Reached XP level 2. HP: 16/27 MP: 1/1
   339 | D:1      | Reached skill level 3 in Axes
   631 | D:1      | Reached XP level 3. HP: 33/33 MP: 2/2
  1053 | D:2      | Noticed Natasha
  1065 | D:2      | Killed Natasha
  1327 | D:2      | Reached XP level 4. HP: 40/40 MP: 3/3
  1345 | D:2      | Found a runed translucent door.
  1346 | D:2      | Noticed Crazy Yiuf
  1350 | D:2      | Paralysed by Crazy Yiuf for 4 turns
  1355 | D:2      | Killed Crazy Yiuf
  1356 | D:2      | Reached skill level 4 in Axes
  1612 | D:2      | Noticed Sigmund
  1633 | D:2      | Killed Sigmund
  1634 | D:2      | Reached skill level 5 in Axes
  1634 | D:2      | Reached XP level 5. HP: 36/47 MP: 4/4
  1634 | D:2      | Reached XP level 6. HP: 43/55 MP: 5/5
  1755 | D:2      | Noticed Robin
  1766 | D:2      | Killed Robin
  2080 | D:2      | Noticed Natasha
  2086 | D:2      | Killed Natasha
  2243 | D:2      | Noticed Natasha
  2254 | D:2      | Killed Natasha
  2255 | D:2      | Reached skill level 5 in Fighting
  2255 | D:2      | Reached skill level 5 in Armour
  2255 | D:2      | Reached skill level 5 in Shields
  2459 | D:3      | Found a faded altar of an unknown god.
  2536 | D:3      | Found a burning altar of Makhleb.
  2537 | D:3      | Found a blossoming altar of Fedhas.
  2537 | D:3      | Found a hazy altar of Hepliaklqana.
  2538 | D:3      | Found a white marble altar of Elyvilon.
  2931 | D:3      | Reached skill level 6 in Axes
  3183 | D:4      | Found a broken altar of Ashenzari.
  3235 | D:4      | You fall into a shaft and drop 1 floor!
  3235 | D:5      | Entered Level 5 of the Dungeon
  3254 | D:5      | Reached XP level 7. HP: 58/61 MP: 6/6
  3404 | D:5      | Reached skill level 7 in Axes
  3425 | D:5      | Reached skill level 1 in Throwing
  3434 | D:5      | Reached XP level 8. HP: 11/70 MP: 7/7
  4365 | D:5      | Reached skill level 8 in Axes
  4568 | D:6      | Found Jusuoz's Distillery.
  4851 | D:6      | Found Erusa's Distillery.
  4876 | D:6      | Bought a potion of heal wounds for 60 gold pieces
  4876 | D:6      | Bought a potion of haste for 120 gold pieces
  5059 | D:6      | Found Zaek's Distillery.
  5174 | D:7      | Reached XP level 9. HP: 57/79 MP: 8/8
  5181 | D:7      | Reached skill level 9 in Axes
  5523 | D:7      | Noticed a gargoyle
  5523 | D:7      | Noticed a troll
  5524 | D:7      | Noticed a green ugly thing
  5531 | D:7      | Killed a troll
  5532 | D:7      | Noticed a white ugly thing
  5539 | D:7      | Killed a green ugly thing
  5540 | D:7      | Reached skill level 10 in Axes
  5550 | D:7      | Killed a green ugly thing
  5567 | D:7      | Killed a gargoyle
  5568 | D:7      | Reached XP level 10. HP: 55/88 MP: 9/9
  5580 | D:7      | Noticed a gargoyle
  5597 | D:7      | Slain by a gargoyle

Illustrated notes

Levels and vault maps discovered:
D:1:      dpeg_cavernosity, layout_basic
D:2:      layout_basic, uniq_robin, uniq_natasha, uniq_crazy_yiuf_cottage,
          uniq_sigmund
D:3:      layout_loops_ring, chequers_temple_overflow_statue_of_worship,
          shapermc_ecumenical_altar_venn, serial_rivers,
          chequers_serial_rivers_micro_e, chequers_serial_rivers_small_3,
          chequers_serial_rivers_micro_a, chequers_serial_rivers_micro_b,
          chequers_serial_rivers_large_a, chequers_serial_rivers_marsh,
          dreamdust_princess_corridor
D:4:      minmay_diamond_boxcup, layout_basic, evilmike_ruin_ashenzari,
          hangedman_glass_teeth
D:5:      layout_basic
D:6:      layout_rooms, serial_shops, shop, nicolae_shop_hallway_stairs,
          nicolae_stop_n_shop_1
D:7:      minmay_the_grid_plus_closed [minmay_the_grid_eight,
          minmay_the_grid_spin_star, minmay_the_grid_minigrid_large,
          minmay_the_grid_garden, minmay_the_grid_prize_trominoes],
          layout_rooms, minmay_temple_entry_statues_pillars,
          ebering_ghost_reflecting_pool, uniq_pikel, uniq_menkaure

Skill      XL: |  1  2  3  4  5  6  7  8  9 |
---------------+----------------------------+-----
Axes           | 3 5 6 7 8 10 | 10.8
Shields        | 4 5 6 7 8 |  8.2
Armour         | 4 5 6 7 8 |  8.2
Fighting       | 4 5 6 7 8 |  8.2
Throwing       | 1 3 4 |  4.6

Action                     |  1- 3 |  4- 6 |  7- 9 | 10-12 || total
---------------------------+-------+-------+-------+-------++-------
  Melee: War axe           |    90 |   129 |   202 |    25 ||   446
         Headbutt          |     7 |    25 |    40 |     7 ||    79
    Use: Scroll            |     4 |     6 |     5 |       ||    15
         Potion            |       |       |     4 |       ||     4
 Armour: Scale mail        |    63 |    25 |       |       ||    88
         Chain mail        |       |    45 |    43 |       ||    88
         Plate armour      |       |       |    87 |    19 ||   106
  Dodge: Dodged            |    59 |    56 |    67 |    10 ||   192
  Block: Buckler           |    34 |    20 |    50 |    14 ||   118

Table legend: (Time is in decaauts)
 A = Elapsed time spent in this place.
 B = Non-inter-level travel time spent in this place.
 C = Inter-level travel time spent in this place.
 D = Time resting spent in this place.
 E = Time spent auto-exploring this place.
 F = Levels seen in this place.
 G = Mean time per level.
                   A        B        C        D        E       F      G
               +--------+--------+--------+--------+--------+-----+--------+
         Total |   5679 |   5507 |    172 |    422 |   3123 |   7 |  811.3 |
       Dungeon |   5679 |   5507 |    172 |    422 |   3123 |   7 |  811.3 |
               +--------+--------+--------+--------+--------+-----+--------+

Top non-repeatable levels by time:
     D:2: 1422 daAuts
     D:1: 917 daAuts
     D:3: 851 daAuts
     D:4: 756 daAuts
     D:5: 711 daAuts
     D:6: 598 daAuts
     D:7: 421 daAuts
